 Dungeon Crawl Stone Soup version 0.25-a0-665-ga69d64035b (webtiles) character file.

Game seed: 3885932429098087612, levelgen mode: deterministic

14091 kae the Destroyer (level 12, -2/72 HPs)
             Began as a Tengu Air Elementalist on Mar 26, 2020.
             Was an Elder of Vehumet.
             Slain by an ice dragon (13 damage)
             ... in an ice cave.
             The game lasted 00:21:14 (15330 turns).

kae the Destroyer (Tengu Air Elementalist)         Turns: 15330, Time: 00:21:14

Health: -2/72      AC:  9    Str: 10    XL:     12   Next: 12%
Magic:  3/25       EV: 21    Int: 21    God:    Vehumet [****..]
Gold:   728        SH:  0    Dex: 15    Spells: 6/27 levels left

rFire    . . .     SeeInvis +   o - staff of conjuration
rCold    . . .     Gourm    .   (no shield)
rNeg     . . .     Faith    .   v - +2 steam dragon scales
rPois    .         Spirit   .   (helmet restricted)
rElec    .         Reflect  .   (no cloak)
rCorr    .         Harm     .   i - +1 pair of gloves
MR       .....                  (boots unavailable)
Stlth    ++........             w - amulet of regeneration
HPRegen  0.62/turn              l - +2 ring of strength
MPRegen  0.19/turn              e - ring of see invisible

@: mighty, brilliant, flying quickly and evasively, quick
A: beak, talons 3, able to fly
a: Stop Flying, Renounce Religion


You were in an ice cave.
You worshipped Vehumet.
Vehumet was greatly pleased with you.
You were not hungry.

You visited 2 branches of the dungeon, and saw 12 of its levels.
You also visited: Ice Cave.

You collected 728 gold pieces.

Inventory:

Hand Weapons
 k - a +3 dagger of venom
Armour
 a - a +0 robe
 i - a +1 pair of gloves (worn)
 v - +2 steam dragon scales (worn)
Magical Staves
 o - an uncursed staff of conjuration (weapon)
Jewellery
 e - a ring of see invisible (right hand)
 l - a +2 ring of strength (left hand)
 m - an uncursed ring of ice
 w - an amulet of regeneration (around neck)
Wands
 d - a wand of paralysis (11)
 g - a wand of enslavement (3)
 h - a wand of random effects (20)
Scrolls
 f - 5 scrolls of teleportation
 n - 3 scrolls of identify
 q - 4 scrolls of remove curse
 r - 2 scrolls of enchant weapon
 s - a scroll of fear
 u - 2 scrolls of magic mapping
 y - a scroll of blinking
Potions
 b - a potion of brilliance
 j - a potion of cancellation
 p - 5 potions of curing
 t - 2 potions of stabbing
 x - a potion of might
 A - a potion of resistance
Comestibles
 c - 18 rations


   Skills:
 + Level 7.1 Fighting
 + Level 8.2 Dodging
 - Level 2.0 Stealth
 - Level 8.0 Spellcasting
 - Level 13.0 Conjurations
 - Level 13.0 Air Magic


You had 6 spell levels left.
You knew the following spells:

 Your Spells              Type           Power        Failure   Level  Hunger
a - Shock                 Conj/Air       ####         1%          1    None
b - Static Discharge      Conj/Air       #######.     1%          3    None
c - Airstrike             Air            #######...   1%          4    None
d - Lightning Bolt        Conj/Air       #######...   1%          5    None
e - Swiftness             Chrm/Air       ######..     1%          2    None
f - Foxfire               Conj/Fire      ####         1%          1    None
g - Fireball              Conj/Fire      ######....   4%          5    None

Your spell library contained the following spells:

 Spells                   Type           Power        Failure   Level  Hunger
 Animate Skeleton         Necr           N/A          8%          1    None
 Pain                     Necr           ##..         8%          1    None
 Vampiric Draining        Necr           ##........   24%         3    None
 Animate Dead             Necr           N/A          61%         4    None
 Agony                    Necr           ##......     91%         5    None


Dungeon Overview and Level Annotations

Branches:
Dungeon (11/15)            Temple (1/1) D:5            Lair (0/6) D:10
    Orc (0/2) D:11          IceCv (1/1)

Altars:
Ashenzari
Kikubaaqudgha
Nemelex Xobeh
Qazlal
Ru
Sif Muna
Trog
Vehumet
Wu Jian
Yredelemnul
The Shining One

Shops:
D:8 =   D:9 [

Annotations:
D:10 exclusion: door IceCv exclusion: ice dragon


Innate Abilities, Weirdness & Mutations

You have a beak for a mouth.
You have claws for feet.
You can fly continuously.


Message History

The blast of cold misses you.
Casting: Airstrike (safe; 1% risk of failure)
Confirm with . or Enter, or press ? or * to list all spells.
You don't have enough magic to cast that spell.
Okay, then.
You feel very mighty all of a sudden. The ice dragon misses you.
The ice dragon barely misses you.
The ice dragon tramples you but does no damage.
You hit the ice dragon but do no damage.
You peck the ice dragon.
The ice dragon is heavily wounded.
The ice dragon breathes frost at you. The blast of cold hits you!!!
Ouch! That really hurt!
You hit the ice dragon! You peck the ice dragon.
The ice dragon is severely wounded.
You are engulfed in freezing vapours.
* * * LOW HITPOINT WARNING * * *
The ice dragon barely misses you. The ice dragon claws you!
You die... ##..### ..="## .##.# $==$

....# ==## ##.###
##..#
####≈##########≈#.#
≈≈≈≈≈≈≈≈≈≈≈≈≈≈≈≈≈≈##
≈≈≈≈≈≈≈≈≈≈≈≈≈≈≈≈≈≈≈##
≈≈≈≈≈≈≈≈##≈≈≈≈≈≈D≈≈≈#
#≈≈≈≈≈########.#@≈###
####### ###..#°≈≈#
##....##≈##
#..##.#### ##..###
##..## ##..# ###.#
#### ######...#


You could see an ice dragon.

Vanquished Creatures
  Snorg (D:11)
  An ice dragon (IceCv)
  2 two-headed ogres
  A cyclops (D:11)
  A manticore (D:11)
  2 ice statues (IceCv)
  2 rime drakes (IceCv)
  Prince Ribbit (D:7)
  2 hippogriffs (D:10)
  A wyvern (D:5)
  3 yaks (D:10)
  2 steam dragons (D:6)
  Menkaure (D:7)
  2 wargs (D:10)
  Duvessa (D:7)
  16 ice beasts
  4 orc warriors
  A phantom (D:10)
  3 sky beasts
  A necrophage (D:9)
  A hornet zombie (D:5)
  An eye of draining (D:9)
  7 ogres
  10 centaurs
  2 big kobolds (D:7)
  Blork the orc (D:6)
  A wyvern zombie (D:9)
  5 bullfrogs
  3 gnoll sergeants
  Dowan (D:7)
  8 scorpions
  4 jellies
  A wyvern skeleton (D:8)
  4 killer bees (D:8)
  3 crimson imps
  2 bullfrog zombies
  5 hounds
  A quasit (D:9)
  10 orc priests
  A bullfrog skeleton (D:10)
  2 centaur skeletons
  5 iguanas
  9 orc wizards
  13 worker ants
  A worker ant zombie (D:11)
  2 howler monkey skeletons
  14 gnolls
  11 adders
  2 shadow imps (D:8)
  An ooze (D:2)
  2 adder skeletons (D:5)
  3 dart slugs
  4 leopard geckos
  47 orcs
  9 giant cockroaches
  5 hobgoblins
  25 jackals
  23 kobolds
  6 quokkas
  2 ball pythons
  6 bats
  5 frilled lizards
  5 goblins
  A quokka skeleton (D:8)
  2 rats (D:1)
324 creatures vanquished.

Vanquished Creatures (collateral kills)
  An ice beast (IceCv)
1 creature vanquished.

Grand Total: 325 creatures vanquished

Notes
Turn   | Place    | Note
-------+----------+-------------------------------------------
     0 | D:1      | kae the Tengu Air Elementalist began the quest for the Orb.
     0 | D:1      | Reached XP level 1. HP: 10/10 MP: 4/4
   146 | D:1      | Reached XP level 2. HP: 8/15 MP: 0/6
   743 | D:2      | Reached XP level 3. HP: 19/19 MP: 7/7
  1148 | D:2      | Reached XP level 4. HP: 23/24 MP: 3/8
  1743 | D:3      | Reached skill level 5 in Air Magic
  1927 | D:3      | Gained mutation: You can fly continuously. [Tengu growth]
  1927 | D:3      | Reached XP level 5. HP: 28/28 MP: 4/10
  2515 | D:4      | Learned a level 3 spell: Static Discharge
  2520 | D:4      | Learned a level 4 spell: Airstrike
  2556 | D:4      | Reached skill level 5 in Conjurations
  2771 | D:4      | Reached XP level 6. HP: 26/32 MP: 0/11
  2927 | D:4      | Identified the cursed +1 leather armour of the Crypt {+Fly
                  | rCorr Str-5 Stlth+}
  3116 | D:4      | Reached XP level 7. HP: 36/36 MP: 8/13
  3728 | D:5      | Entered Level 5 of the Dungeon
  4133 | D:5      | Reached XP level 8. HP: 41/41 MP: 2/15
  4227 | D:5      | Noticed a wyvern
  4229 | D:5      | Killed a wyvern
  4852 | D:5      | Found a staircase to the Ecumenical Temple.
  4882 | Temple   | Entered the Ecumenical Temple
  4911 | Temple   | Became a worshipper of Vehumet
  5359 | D:5      | Reached skill level 5 in Spellcasting
  5651 | D:5      | Reached skill level 10 in Conjurations
  5789 | D:6      | Reached XP level 9. HP: 29/45 MP: 4/18
  5977 | D:6      | Learned a level 5 spell: Lightning Bolt
  5980 | D:6      | Learned a level 2 spell: Swiftness
  6010 | D:6      | Noticed Blork the orc
  6052 | D:6      | Reached * piety under Vehumet
  6052 | D:6      | Offered knowledge of Magic Dart by Vehumet.
  6300 | D:6      | Killed Blork the orc
  7558 | D:7      | Noticed Duvessa
  7559 | D:7      | Noticed Dowan
  7911 | D:7      | Noticed Menkaure
  7914 | D:7      | Killed Menkaure
  8208 | D:7      | Offered knowledge of Foxfire by Vehumet.
  8425 | D:7      | Reached ** piety under Vehumet
  8449 | D:7      | Noticed Prince Ribbit
  8459 | D:7      | Killed Prince Ribbit
  8459 | D:7      | Reached XP level 10. HP: 36/50 MP: 5/20
  8570 | D:7      | Reached skill level 10 in Air Magic
  8973 | D:7      | Killed Dowan
  9191 | D:7      | Killed Duvessa
  9519 | D:8      | Noticed a two-headed ogre
  9729 | D:8      | Learned a level 1 spell: Foxfire
  9957 | D:8      | Offered knowledge of Ignite Poison by Vehumet.
  9975 | D:8      | Killed a two-headed ogre
 10283 | D:8      | Found Xeedgh's Jewellery Boutique.
 10566 | D:8      | Found a bloodstained altar of Trog.
 10568 | D:8      | Reached *** piety under Vehumet
 10803 | D:9      | Found Bariymy's Armour Shop.
 11055 | D:9      | Offered knowledge of Sticky Flame by Vehumet.
 11380 | D:9      | Found a stormy altar of Qazlal.
 11509 | D:9      | Found a shattered altar of Ashenzari.
 11528 | D:9      | Reached XP level 11. HP: 54/54 MP: 16/24
 11921 | D:9      | Reached **** piety under Vehumet
 11994 | D:9      | Reached skill level 1 in Fighting
 12108 | D:10     | Entered Level 10 of the Dungeon
 12645 | D:10     | Offered knowledge of Fireball by Vehumet.
 12656 | D:10     | Learned a level 5 spell: Fireball
 12668 | D:10     | Noticed a two-headed ogre
 12672 | D:10     | Killed a two-headed ogre
 13147 | D:10     | Found a staircase to the Lair.
 13463 | D:10     | Reached skill level 5 in Dodging
 13688 | D:11     | Noticed a cyclops
 13696 | D:11     | Killed a cyclops
 13771 | D:11     | Noticed Snorg
 13781 | D:11     | Killed Snorg
 13781 | D:11     | Reached skill level 5 in Fighting
 13801 | D:11     | Found a frozen archway.
 13801 | D:11     | Noticed a manticore
 13812 | D:11     | Killed a manticore
 13852 | IceCv    | Entered an ice cave
 14883 | IceCv    | Reached XP level 12. HP: 56/71 MP: 8/25
 15086 | IceCv    | Noticed an ice dragon
 15322 | IceCv    | Noticed an ice dragon
 15323 | IceCv    | Killed an ice dragon
 15330 | IceCv    | Slain by an ice dragon

Levels and vault maps discovered:
D:1:      dpeg_arrival_fog, layout_rooms
D:2:      layout_loops_cross
D:3:      layout_loops_cross
D:4:      layout_basic
D:5:      layout_basic, minmay_temple_entry_large_hall, first_ration,
          lightli_minifort
D:6:      cheibrodos_steamvent, layout_basic, uniq_blork_the_orc
D:7:      layout_cave_pools, centaur_isle, uniq_menkaure, uniq_prince_ribbit1,
          uniq_duvessa
D:8:      layout_basic, serial_shops, shop_fountains, grunt_ogre_cave,
          trog_butcher_becter
D:9:      layout_irregular_city, overflow_temple_1_default, serial_shops,
          nicolae_shop_trees, evilmike_ruin_ashenzari
D:10:     layout_irregular_city, erik_lair_orcish_takeover, serial_bayou_pond_b
D:11:     layout_loops_cross, orc_0_dummy, gammafunk_ghost_abyssal_escape,
          portal_ice_cave_entry_pillars_1, uniq_snorg, uniq_fannar
Temple:   compressed_dpeg_triangle_lava_temple
IceCv:    ice_cave_small_dragons

Skill      XL: |  1  2  3  4  5  6  7  8  9 10 11 12 |
---------------+-------------------------------------+-----
Conjurations   | 2 3 4 5 6 8 10 12 13 | 13.0
Air Magic      | 5 6 7 8 9 12 13 | 13.0
Spellcasting   | 3 4 5 6 8 |  8.0
Fighting       | 6 7 |  7.1
Dodging        | 7 8 |  8.2
Stealth        | |  2.0

Action                   |  1- 3 |  4- 6 |  7- 9 | 10-12 || total
-------------------------+-------+-------+-------+-------++-------
Melee: Unarmed           |     8 |       |       |       ||     8
       Peck              |     5 |     7 |     3 |    21 ||    36
       Kick              |     5 |    13 |     7 |    27 ||    52
       Hand axe          |     9 |       |       |       ||     9
       Dagger            |    15 |    69 |       |       ||    84
       Staff             |       |     8 |    21 |    91 ||   120
 Cast: Shock             |    51 |    88 |   197 |   342 ||   678
       Static Discharge  |       |     7 |    19 |    56 ||    82
       Airstrike         |       |       |    40 |    70 ||   110
       Lightning Bolt    |       |       |       |    14 ||    14
       Swiftness         |       |       |       |     1 ||     1
       Fireball          |       |       |       |     9 ||     9
 Abil: Fly               |       |     1 |       |       ||     1
Evoke: Wand              |       |       |       |     5 ||     5
  Use: Scroll            |     5 |     3 |     9 |     7 ||    24
       Potion            |       |     2 |     2 |     3 ||     7
 Stab: Sleeping          |     1 |       |       |       ||     1
  Eat: Chunk             |     1 |     7 |    12 |    27 ||    47
       Ration            |       |       |     3 |     2 ||     5
Armor: Robe              |    10 |    35 |     8 |       ||    53
       Steam dragon scal |       |       |     7 |    62 ||    69
Dodge: Dodged            |    26 |    77 |    83 |   197 ||   383

Table legend:
 A = Non-vault XP
 B = Vault XP
 C = Vault XP percentage of total XP
 D = Non-vault monster count
 E = Vault monster count
 F = Vault count percentage of total count
                 A         B        C        D         E       F
            +---------+---------+-------+---------+---------+-------
      Total |   10843 |    9287 |  46.1 |     273 |      52 |  16.0
            +---------+---------+-------+---------+---------+-------
        D:1 |      28 |       0 |   0.0 |      18 |       0 |   0.0
        D:2 |     112 |       0 |   0.0 |      33 |       0 |   0.0
        D:3 |      61 |       0 |   0.0 |      23 |       0 |   0.0
        D:4 |     671 |       0 |   0.0 |      31 |       0 |   0.0
        D:5 |    1252 |     155 |  11.0 |      25 |       6 |  19.4
        D:6 |     479 |     460 |  49.0 |      17 |       3 |  15.0
        D:7 |    1018 |    1329 |  56.6 |      35 |      10 |  22.2
        D:8 |    2308 |     356 |  13.4 |      33 |       5 |  13.2
        D:9 |    1833 |       0 |   0.0 |      31 |       0 |   0.0
       D:10 |    1934 |    1385 |  41.7 |      23 |       8 |  25.8
       D:11 |    1147 |    1173 |  50.6 |       4 |       1 |  20.0
      IceCv |       0 |    4429 | 100.0 |       0 |      19 | 100.0
            +---------+---------+-------+---------+---------+-------
